 Dungeon Crawl Stone Soup version 0.28.0-49-g6dfe1f597d (webtiles) character file.

Game seed: 1645030913033105092

793 boopmooplesden the Slasher (level 7, 0/91 HPs)
             Began as a Minotaur Berserker on May 12, 2022.
             Was a Priest of Trog.
             Succumbed to an orc's poison
             ... on level 5 of the Dungeon.
             The game lasted 00:05:11 (4120 turns).

boopmooplesden the Slasher (Minotaur Berserker)     Turns: 4120, Time: 00:05:11

Health: 0/91       AC: 23    Str: 22    XL:     7   Next: 57%
Magic:  6/6        EV:  2    Int:  4    God:    Trog [***...]
Gold:   209        SH:  0    Dex: 11    Spells: 6/6 levels left

rFire   + . .      SeeInvis .   k - +0 short sword of Expedience {drain, *Rage rPois rF+ rN++}
rCold   . . .      Faith    .   (no shield)
rNeg    + + .      Spirit   .   (armour currently unavailable)
rPois   +          Reflect  .   (helmet currently unavailable)
rElec   .          Harm     .   (cloak currently unavailable)
rCorr   .          Rampage  .   (gloves currently unavailable)
Will    ++...      Rage     20% (boots currently unavailable)
Stlth   +......... NoTele   +   (no amulet)
HPRegen 1.25/turn               i - +4 ring of evasion
MPRegen 0.10/turn               (no ring)

@: lethally poisoned (0 -> -5), tree-form, strong-willed, on berserk cooldown,
attractive, regenerating, hasted, very quick
A: stationary, stasis, torment immunity, boosted hp, (horns 2), (retaliatory
headbutt)
a: Renounce Religion, Berserk, Trog's Hand


You were on level 5 of the Dungeon.
You worshipped Trog.
Trog was most pleased with you.
You were a tree.
You visited 1 branch of the dungeon, and saw 5 of its levels.

You collected 209 gold pieces.

Inventory:

Hand Weapons
 a - a +1 falchion
 k - the +0 short sword of Expedience (weapon) {drain, *Rage rPois rF+ rN++}
   (You found it on level 3 of the Dungeon)

   A truly terrible weapon, it drains the life of any living foe it strikes.
   rF:        It protects you from fire.
   rPois:     It protects you from poison.
   rN:        It greatly protects you from negative energy.
   *Rage:     It berserks you when you make melee attacks (+20% chance).
Armour
 b - a +0 animal skin
 e - a +0 scale mail (melded)
Jewellery
 i - a +4 ring of evasion (left branch)
 o - a +4 ring of protection
Wands
 g - a wand of flame (23)
Scrolls
 h - 2 scrolls of silence
 n - 3 scrolls of identify
 p - a scroll of fog {unknown}
 q - a scroll of magic mapping
Potions
 c - 2 potions of magic
 f - a potion of lignification
 j - 2 potions of haste
 l - a potion of attraction
 r - a potion of brilliance {unknown}


   Skills:
 + Level 5.3 Fighting
 + Level 3.1(4.8) Short Blades
 + Level 6.2(6.7) Long Blades
 + Level 5.8 Armour
 + Level 4.2 Dodging
 + Level 0.8 Stealth


You had 6 spell levels left.
You didn't know any spells.
Your spell library was empty.

Dungeon Overview and Level Annotations

Branches:
Dungeon (5/15)
 Temple: D:4-7

Altars:
Wu Jian

Shops:
D:3 =


Innate Abilities, Weirdness & Mutations

You are a tree.
Your roots penetrate the ground, keeping you stationary.
You cannot be teleported.
You are immune to unholy pain and torment.
Your maximum health is greatly increased.
Your equipment is partially melded.
((You have a pair of horns on your head.))
((You reflexively headbutt those who attack you in melee.))


Message History

The orc hits you but does no damage. The wyvern bites you.
* * * LOW HITPOINT WARNING * * *
The howler monkey zombie is attracted toward you.
It was a potion of curing.
You feel better.
The wyvern bites you but does no damage.
The orc hits you but does no damage. The wyvern bites you.
* * * LOW HITPOINT WARNING * * *
You completely miss the wyvern.
The wyvern is lightly wounded.
The orc hits you with a +2 short sword of venom.
* * * LOW HITPOINT WARNING * * *
You are lethally poisoned!
The wyvern bites you.
* * * LOW HITPOINT WARNING * * *
Okay, then.
Your skin crawls.
You feel strong-willed.
You feel yourself speed up.
You feel very sick. The orc hits you but does no damage.
The wyvern bites you but does no damage.
You feel better.
The wyvern bites you but does no damage.
The orc hits you but does no damage.
You are poisoned.
You hit the orc but do no damage.
You feel sick.
The wyvern bites you but does no damage.
The orc hits you but does no damage.
You are more poisoned.
You closely miss the orc.
You feel sick.
The wyvern bites you but does no damage.
You closely miss the orc.
You feel sick. The wyvern bites you!
* * * LOW HITPOINT WARNING * * *
The orc hits you but does no damage.
You are lethally poisoned!
You closely miss the orc.
* * * LOW HITPOINT WARNING * * *
You feel sick. The wyvern completely misses you.
Okay, then.
It was a potion of flight.
Your roots keep you in place.
You die...

#.# #.# #.#
#.# #.# #.#
#.# ####.###
#...wo♣#
#.##Z#l#######
# #))Zh{......
#...##Z..###).
#..# #.#.# #..
#:..# #..
.###. #. . .#
#. . #.


You could see a black bear, a wyvern (drained), a dart slug, an orc, a hound
zombie, a howler monkey zombie and a bullfrog skeleton.

Vanquished Creatures
  A black bear (D:4)
  An ogre (D:5)
  2 centaurs
  A water moccasin skeleton (D:5)
  A jelly (D:4)
  An orc priest (D:5)
  A bullfrog skeleton (D:5)
  Terence (D:2)
  Jessica (D:3)
  An iguana (D:5)
  An orc wizard (D:3)
  A hound skeleton (D:4)
  6 gnolls (D:3)
  A howler monkey skeleton (D:4)
  5 adders
  An ufetubus (D:4)
  An adder skeleton (D:3)
  A worm (D:4)
  4 dart slugs
  13 orcs
  7 endoplasms
  2 giant cockroaches
  2 goblins
  5 hobgoblins
  A kobold (D:4)
  4 quokkas
  4 ball pythons
  4 bats
  2 frilled lizards (D:1)
  A quokka skeleton (D:3)
  9 rats
86 creatures vanquished.

Notes
Turn   | Place    | Note
-------+----------+-------------------------------------------
     0 | D:1      | boopmooplesden the Minotaur Berserker began the quest for
                  | the Orb.
     0 | D:1      | Reached XP level 1. HP: 19/19 MP: 0/0
   241 | D:1      | Reached XP level 2. HP: 27/27 MP: 1/1
   332 | D:1      | Reached skill level 4 in Long Blades
  1219 | D:2      | Reached ** piety under Trog
  1220 | D:2      | Reached XP level 3. HP: 33/33 MP: 2/2
  1255 | D:2      | Found an ornate altar of the Wu Jian Council.
  1279 | D:2      | Noticed Terence
  1289 | D:2      | Killed Terence
  1290 | D:2      | Reached XP level 4. HP: 34/41 MP: 3/3
  1931 | D:3      | Identified the +0 short sword of Expedience {drain, *Rage
                  | rPois rF+ rN++}
  1946 | D:3      | Reached skill level 5 in Long Blades
  2051 | D:3      | Found a faded altar of an unknown god.
  2134 | D:3      | Reached XP level 5. HP: 47/47 MP: 4/4
  2234 | D:3      | Found Xexubb's One-of-a-Kind Rings.
  2333 | D:3      | Noticed Jessica
  2346 | D:3      | Killed Jessica
  2925 | D:4      | Noticed a centaur
  2929 | D:4      | Killed a centaur
  2930 | D:4      | Reached skill level 1 in Short Blades
  2930 | D:4      | Reached XP level 6. HP: 35/55 MP: 5/5
  3112 | D:4      | Reached *** piety under Trog
  3449 | D:4      | Reached skill level 6 in Long Blades
  3743 | D:4      | Reached skill level 5 in Fighting
  3866 | D:5      | Entered Level 5 of the Dungeon
  3881 | D:5      | Reached XP level 7. HP: 60/61 MP: 6/6
  3946 | D:5      | Reached skill level 5 in Armour
  4084 | D:5      | Noticed a wyvern
  4118 | D:5      | HP: 3/91 [wyvern (11)]
  4119 | D:5      | HP: 1/91 [poisoned by an orc]
  4120 | D:5      | Succumbed to an orc's poison

Illustrated notes

Levels and vault maps discovered:
D:1:      minmay_arrival_three_doors, layout_loops_ring,
          grunt_decor_mini_mirrors
D:2:      layout_loops_cross, basic_altar, chequers_serial_rivers_room_b,
          uniq_terence
D:3:      layout_basic, chequers_ecumenical_altar_grove,
          nicolae_shop_unique_rings, kennysheep_generic_room_3, uniq_jessica
D:4:      layout_loops_corners, chequers_serial_rivers_room_b
D:5:      layout_layer_cave, serial_shops, shop_statue, minmay_starry_boxes,
          uniq_edmund

Skill      XL: |  1  2  3  4  5  6  7 |
---------------+----------------------+-----
Fighting       | 4 5 |  5.3
Long Blades    | 4 5 6 |  6.2
Dodging        | 3 4 |  4.2
Armour         | 3 4 5 |  5.8
Short Blades   | 1 2 3 |  3.1
Stealth        | |  0.8

Action                   |  1- 3 |  4- 6 |  7- 9 || total
-------------------------+-------+-------+-------++-------
Melee: Falchion          |    58 |     6 |       ||    64
       Headbutt          |     8 |    18 |     4 ||    30
       Short sword       |       |    91 |    38 ||   129
       Punch             |       |     3 |     2 ||     5
Invok: Berserk           |     1 |       |       ||     1
       Trog's Hand       |       |       |     1 ||     1
  Use: Scroll            |     2 |     3 |       ||     5
       Potion            |       |       |     6 ||     6
 Stab: Sleeping          |     2 |       |       ||     2
Armor: Animal skin       |     3 |       |       ||     3
       Scale mail        |    19 |    31 |    10 ||    60
       Skin              |       |       |    41 ||    41
Dodge: Dodged            |    35 |    90 |    27 ||   152
